 Dungeon Crawl Stone Soup version 0.27-a0-909-g0721f309d1 (webtiles) character file.

Game seed: 14190408537871654403

79 robertstho the Chiller (level 3, -3/26 HPs)
             Began as a Demigod Ice Elementalist on Apr 8, 2021.
             Shot with a sling bullet by a hobgoblin (8 damage)
             ... on level 3 of the Dungeon.
             The game lasted 00:03:09 (2820 turns).

robertstho the Chiller (Demigod Ice Elementalist)   Turns: 2820, Time: 00:03:09

Health: -3/26      AC:  3    Str:  9    XL:     3   Next: 95%
Magic:  9/9        EV: 12    Int: 21    God:
Gold:   24         SH:  0    Dex: 14    Spells: 3/7 levels left

rFire    . . .     SeeInvis .   g - +1 dagger (venom)
rCold    . . .     Faith    .   (no shield)
rNeg     . . .     Spirit   .   a - +0 robe
rPois    .         Reflect  .   i - +0 helmet
rElec    .         Harm     .   (no cloak)
rCorr    .         Rampage  .   (no gloves)
Will     .....                  (no boots)
Stlth    ++........             (no amulet)
HPRegen  0.08/turn              (no ring)
MPRegen  0.11/turn              (no ring)

@: no status effects
A: high mp 1, forlorn
a: no special abilities


You were on level 3 of the Dungeon.
You visited 1 branch of the dungeon, and saw 3 of its levels.

You collected 24 gold pieces.

Inventory:

Hand Weapons
 g - a +1 dagger of venom (weapon)
 h - a +1 whip of holy wrath
Armour
 a - a +0 robe (worn)
 i - a +0 helmet (worn)
Scrolls
 d - a scroll of teleportation {unknown}
 f - a scroll of magic mapping {unknown}
Potions
 b - a potion of heal wounds {unknown}
 e - a potion of might


   Skills:
 + Level 0.2 Fighting
 + Level 2.1 Dodging
 + Level 1.8 Stealth
 + Level 0.4 Unarmed Combat
 * Level 2.7 Spellcasting
 * Level 4.2 Ice Magic


You had 3 spell levels left.
You knew the following spells:

 Your Spells              Type           Power      Damage    Failure   Level
a - Freeze                Ice            80%        1d9       2%          1
b - Frozen Ramparts       Ice            40%        1d6       7%          3

Your spell library contained the following spells:

 Spells                   Type           Power      Damage    Failure   Level
 Ozocubu's Armour         Ice            20%        N/A       7%          3
 Hailstorm                Conj/Ice       11%        3d5       50%         4
 Summon Ice Beast         Ice/Summ       11%        N/A       50%         4


Dungeon Overview and Level Annotations

Branches:
Dungeon (3/15)

Shops:
D:1 [

Annotations:
D:1 279 gloves


Innate Abilities, Weirdness & Mutations

Your attributes grow dramatically as you level up.
You have an increased reservoir of magic. (+10% MP)
You shall have no god before yourself.


Message History

A hobgoblin is nearby!
A hobgoblin is nearby!
The helpless hobgoblin fails to defend itself.
You puncture the hobgoblin!
You kill the hobgoblin!
No target in view!
Found a stone staircase leading down.
b - a green potion A ball python comes into view.
A ball python is nearby!
A ball python is nearby!
A ball python is nearby!
Found a stone staircase leading up.
You barely miss the ball python.
The ball python hisses angrily.
The ball python closely misses you. The ball python grabs you.
The ball python constricts you.
You hit the ball python.
The ball python is poisoned.
The ball python is severely wounded.
You kill the ball python!
No target in view!
No target in view!
There is a stone staircase leading down here.
Found a short sword.
A goblin comes into view. It is wielding a +0 hunting sling.
A goblin is nearby!
A goblin is nearby!
A goblin is nearby!
A hobgoblin comes into view. It is wielding a +0 hunting sling.
You enter the shallow water.
Moving in this stuff is going to be slow.
The goblin shouts!
The goblin shoots a stone.
The stone hits you.
The hobgoblin shouts!
The goblin shoots a stone.
The stone hits you.
The hobgoblin shoots a sling bullet.
The sling bullet hits you!
The goblin shoots a stone.
The stone hits you!
* * * LOW HITPOINT WARNING * * *
The hobgoblin shoots a sling bullet.
The sling bullet hits you!
You die...

##################++####
≈≈≈≈≈≈≈≈≈≈≈≈≈≈≈≈≈.....≈≈
≈≈≈≈≈≈≈≈≈≈≈≈≈≈≈≈≈....≈≈≈
≈≈≈≈≈≈≈≈≈≈≈≈≈≈≈≈≈....≈≈≈
≈..≈.≈≈≈.≈≈≈≈.≈≈≈.g..≈≈≈
................@.g.....
........................
##........).##..........
<.......................
........................
##..[......##......#..##
##.........##......#..#
..<................. .#
.########## ....


You could see a hobgoblin and a goblin.

Vanquished Creatures
  Robin (D:2)
  A worm (D:2)
  3 ball pythons
  5 endoplasms
  3 giant cockroaches
  12 goblins
  9 hobgoblins
  7 jackals (D:1)
  A kobold (D:2)
  5 bats
  2 frilled lizards
  7 rats
56 creatures vanquished.

Notes
Turn   | Place    | Note
-------+----------+-------------------------------------------
     0 | D:1      | robertstho the Demigod Ice Elementalist began the quest for
                  | the Orb.
     0 | D:1      | Reached XP level 1. HP: 14/14 MP: 5/5
   569 | D:1      | Reached XP level 2. HP: 5/20 MP: 2/7
  1089 | D:1      | Reached skill level 4 in Ice Magic
  1389 | D:1      | Found Nisieff's Armour Shoppe.
  1394 | D:1      | Reached XP level 3. HP: 26/26 MP: 7/9
  1594 | D:2      | Learned a level 3 spell: Frozen Ramparts
  2499 | D:2      | Noticed Robin
  2514 | D:2      | Killed Robin
  2820 | D:3      | Shot with a sling bullet by a hobgoblin

Illustrated notes

Levels and vault maps discovered:
D:1:      ebering_trefoil_twist, layout_rooms, serial_shops, nicolae_shop_stone
D:2:      layout_basic, shapermc_ecumenical_altar_mp_highgroup,
          minmay_misc_feat_doors, uniq_robin
D:3:      minmay_goblin_kobold_castle, layout_basic, minmay_fountain_box

Skill      XL: |  1  2 |
---------------+-------+-----
Dodging        | 2 |  2.1
Spellcasting   | 2 |  2.7
Ice Magic      | 4 |  4.2
Fighting       | |  0.2
Stealth        | |  1.8
Unarmed Combat | |  0.4

Action                   || total
-------------------------++-------
Melee: Unarmed           ||    21
       Dagger            ||    52
 Cast: Freeze            ||    41
       Frozen Ramparts   ||     1
  Use: Scroll            ||     1
 Stab: Sleeping          ||     5
Armor: Robe              ||    16
Dodge: Dodged            ||    64

Table legend: (Time is in decaauts)
 A = Elapsed time spent in this place.
 B = Non-inter-level travel time spent in this place.
 C = Inter-level travel time spent in this place.
 D = Time resting spent in this place.
 E = Time spent auto-exploring this place.
 F = Levels seen in this place.
 G = Mean time per level.
                   A        B        C        D        E       F      G
               +--------+--------+--------+--------+--------+-----+--------+
         Total |   2819 |   2786 |     33 |    663 |   1820 |   3 |  939.7 |
       Dungeon |   2819 |   2786 |     33 |    663 |   1820 |   3 |  939.7 |
               +--------+--------+--------+--------+--------+-----+--------+

Top non-repeatable levels by time:
     D:1: 1468 daAuts
     D:2: 1305 daAuts
     D:3: 45 daAuts
